 Dungeon Crawl Stone Soup version 0.14-a0-2124-ga163777 (webtiles) character file.

625 4tharraofdagon the Chopper (level 7, -2/37 HPs)
             Began as a Vine Stalker Fighter on Jan 27, 2014.
             Killed by divine providence
             ... invoked by an orc priest
              (10 damage)
             ... on Level 6 of the Dungeon.
             The game lasted 00:08:29 (1370 turns).

4tharraofdagon the Chopper (Vine Stalker Fighter)   Turns: 1370, Time: 00:08:29

HP  -2/37        AC  9     Str 22      XL: 7   Next: 27%
MP   0/9         EV  6     Int  8      God:
Gold 80          SH 19     Dex 14      Spells:  0 memorised,  6 levels left

rFire  . . .     SeeInvis .     a - +0,-2 hand axe
rCold  + . .     Clarity  .     b - +0 scale mail
rNeg   . . .     Conserve .     c - +0 shield
rPois  +         rCorr    .     p - +0 helmet
rElec  .         rRot     +     (no cloak)
SustAb + .       Spirit   +     i - +0 pair of gloves
rMut   .         Warding  .     (no boots)
Saprov . . .     Stasis   .     (no amulet)
MR     .....                    j - ring of sustain abilities
                                e - ring of poison resistance

@: not resistant to hostile enchantments, extremely unstealthy
A: fangs 2, cold resistance 1, regeneration 2, spit poison 1, strong 1, magic
shield, antimagic bite, no device heal
a: Spit Poison


You were on level 6 of the Dungeon.
You were not hungry.

You visited 1 branch of the dungeon, and saw 7 of its levels.

You collected 80 gold pieces.

Inventory:

Hand weapons
 a - a +0,-2 hand axe (weapon)
Missiles
 r - 8 javelins (quivered)
 t - 2 throwing nets
 v - 10 darts of frost
Armour
 b - a +0 scale mail (worn)
 c - a +0 shield (worn)
 i - a +0 pair of gloves (worn)
 p - a +0 helmet (worn)
Comestibles
 d - 3 bread rations
 g - a meat ration
 o - a choko
 B - a chunk of hobgoblin flesh
 D - a chunk of goblin flesh
Scrolls
 h - 3 scrolls of remove curse {unknown}
 n - 2 scrolls of magic mapping {unknown}
 q - a scroll of noise {unknown}
 s - a scroll of enchant armour {unknown}
 u - 2 scrolls of curse jewellery {unknown}
 x - a scroll of fog {unknown}
 y - a scroll of teleportation {unknown}
 A - a scroll of silence {unknown}
 C - a scroll of identify
Jewellery
 e - a ring of poison resistance (left hand)
 j - a ring of sustain abilities (right hand)
Potions
 f - a potion of resistance
 k - a potion of heal wounds
 l - a potion of curing
 m - a potion of restore abilities


   Skills:
 + Level 3.9 Fighting
 * Level 4.7 Axes
 + Level 3.6 Armour
 + Level 2.5 Dodging
 - Level 2.6 Shields


You had 6 spell levels left.
You didn't know any spells.

Dungeon Overview and Level Annotations

Branches:
Dungeon (7/16)
 Temple: D:4-7

Altars:
Kikubaaqudgha
Xom
Yredelemnul

Annotations:
D:6 4tharraofdagon's ghost, experienced VSWn


Innate Abilities, Weirdness & Mutations

You have extremely sharp teeth.
You heal very quickly.
When hurt, damage is shared between your health and your magic reserves.
Your bite disrupts and absorbs the magic of your enemies.
Potions and wands cannot restore your HP.
Your flesh is cold resistant.
You can spit poison.
Your muscles are strong. (Str +2)


Message History

You climb upwards.
Level annotation: 4tharraofdagon's ghost, experienced VSWn The kobold throws a dart.
The dart hits you!
The giant cockroach bites you but does no damage.
The kobold throws a dart.
You block the dart.
There is a stone staircase leading down here.
You see here 2 darts.
Unknown command.
A scorpion comes into view.
The giant cockroach bites you.
* * * LOW HITPOINT WARNING * * *
Unknown command.
Unknown command.
You block the kobold's attack.
Unknown command.
You block the giant cockroach's attack.
Unknown command.
The orc priest mumbles some strange prayers to Beogh against you.
Something smites you!
You die...

#..........
#...........
#......<.....
#.............
.####........$....?
........s..........
...................
####...K..o.......#
#..@so.>.......#
#..............#
#..........##..
#..........#
#..........#
#..........#
#..........#
#..........# ...
...


You could see an orc warrior, a scorpion, an orc priest, a giant cockroach and a
kobold.

Vanquished Creatures
  An ogre (D:5)
  2 giant frogs
  A crimson imp (D:7)
  2 orc wizards
  A jelly (D:3)
  3 worker ants
  Ijyb (D:2)
  3 adders
  A worker ant zombie (D:5)
  A worm (D:3)
  An iguana zombie (D:5)
  An adder skeleton (D:5)
  An iguana skeleton (D:6)
  2 giant geckos
  4 orcs
  A ball python (D:4)
  6 bats
  A bat skeleton (D:7)
  2 giant cockroaches
  6 hobgoblins
  5 jackals
  2 quokkas
  A giant gecko skeleton (D:5)
  4 giant newts
  9 goblins
  2 kobolds
  An orc skeleton (D:4)
  7 rats
72 creatures vanquished.

Notes
Turn   | Place    | Note
--------------------------------------------------------------
     0 | D:1      | 4tharraofdagon, the Vine Stalker Fighter, began the quest for the Orb.
     0 | D:1      | Reached XP level 1. HP: 11/11 MP: 1/1
    54 | D:1      | Reached XP level 2. HP: 16/16 MP: 0/3
   289 | D:2      | Found an ancient bone altar of Kikubaaqudgha.
   292 | D:2      | Noticed Ijyb
   308 | D:2      | Killed Ijyb
   308 | D:2      | Reached XP level 3. HP: 19/19 MP: 2/4
   330 | D:3      | Reached skill level 1 in Dodging
   382 | D:3      | Reached skill level 3 in Fighting
   382 | D:3      | Reached XP level 4. HP: 21/24 MP: 5/5
   396 | D:3      | Found a basalt altar of Yredelemnul.
   396 | D:3      | Found a shimmering altar of Xom.
   544 | D:4      | HP: 1/24 [orc wizard/magic dart (2)]
   547 | D:4      | Reached XP level 5. HP: 1/28 MP: 2/7
   694 | D:5      | Entered Level 5 of the Dungeon
   757 | D:5      | Noticed an ogre
   765 | D:5      | Killed an ogre
   765 | D:5      | Gained mutation: You heal very quickly. [vine stalker growth]
   765 | D:5      | Reached XP level 6. HP: 24/32 MP: 6/8
  1036 | D:5      | Reached skill level 4 in Axes
  1138 | D:5      | You fall through a shaft for 2 floors!
  1192 | D:7      | Reached XP level 7. HP: 37/37 MP: 9/9
  1240 | D:6      | Noticed 4tharraofdagon's ghost (experienced VSWn)
  1347 | D:7      | Gained mutation: Your flesh is cold resistant. [potion of mutation]
  1347 | D:7      | Gained mutation: You can spit poison. [potion of mutation]
  1347 | D:7      | Gained mutation: Your muscles are strong. (Str +2) [potion of mutation]
  1370 | D:6      | Killed from afar by an orc priest

Action                   |  1- 3 |  4- 6 |  7- 9 || total
-------------------------+-------+-------+-------++-------
Melee: Hand axe          |    54 |   149 |    38 ||   241
Throw: Javelin           |       |     3 |       ||     3
  Use: Scroll            |       |     5 |       ||     5
       Potion            |       |       |     3 ||     3
